IL
BUFFALO BISONS @ ROUND ROCK EXPRESS
07/15/2048
 
TOP OF THE 1ST
Buffalo Bisons batting - Pitching for Round Rock Express : RHP Prince Gibson
Pitching: RHP Prince Gibson
Batting: RHB Michel Martineau 0-0: Foul Ball, location: 2F
0-1: Swinging Strike
0-2: Ball
1-2: Ball
2-2: Foul Ball, location: 2F
2-2: Foul Ball, location: 2F
2-2: Ball
3-2: Ground out 1-3 (Groundball, 13, EV 61.9 MPH)
Batting: RHB Frank Caulfield 0-0: Called Strike
0-1: Foul Ball, location: 2F
0-2: Ball
1-2: Ball
2-2: Foul Ball, location: 2F
2-2: Ground out 5-3 (Groundball, 56S, EV 84.4 MPH)
Batting: SHB Dominik Hasek II 0-0: Foul Ball, location: 2F
0-1: Ball
1-1: Ball
2-1: Ball
3-1: Ground out 4-3 (Groundball, 4, EV 96.2 MPH)
Top of the 1st over - 0 runs, 0 hits, 0 errors, 0 left on base; Buffalo 0 - Round Rock 0
BOTTOM OF THE 1ST
Round Rock Express batting - Pitching for Buffalo Bisons : RHP Art Nobles
Pitching: RHP Art Nobles
Batting: LHB Jody Hudson 0-0: Swinging Strike
0-1: Ball
1-1: Ball
2-1: Foul Ball, location: 2F
2-2: Ball
3-2: Foul Ball, location: 2F
3-2: Ground out 6-3 (Groundball, 6, EV 102.5 MPH)
Batting: RHB C.J. Sagle 0-0: Ball
1-0: Ball
2-0: Foul Ball, location: 2F
2-1: Ball
3-1: Base on Balls
Batting: LHB Josh Stuck 0-0: Ball
1-0: Called Strike
C.J. Sagle steals 2nd base
1-1: Called Strike
1-2: Fly out, F8 (Flyball, 8LM, EV 94.4 MPH)
Batting: RHB Trevor Mock 0-0: Ball
1-0: Foul Ball, location: 2F
1-1: Ball
2-1: Ball
3-1: Base on Balls
Batting: RHB Ivan Colon 0-0: Ball
1-0: Ball
2-0: Ground out 1-3 (Groundball, 13S, EV 68.1 MPH)
Bottom of the 1st over - 0 runs, 0 hits, 0 errors, 2 left on base; Buffalo 0 - Round Rock 0
TOP OF THE 2ND
Buffalo Bisons batting - Pitching for Round Rock Express : RHP Prince Gibson
Batting: RHB Leo Mair 0-0: Ball
1-0: Ball
2-0: Called Strike
2-1: Ground out 5-3 (Groundball, 5, EV 86.2 MPH)
Batting: RHB Väinö Tapaninen 0-0: Ball
1-0: Ball
2-0: Ball
3-0: Base on Balls
Batting: RHB Butch Koglin 0-0: Ball
1-0: Ball
2-0: Called Strike
2-1: Foul Ball, location: 2F
2-2: Foul Ball, location: 2F
2-2: Strikes out swinging
Batting: RHB Kyle Scruggs 0-0: Called Strike
Väinö Tapaninen steals 2nd base (no throw)
0-1: Swinging Strike
0-2: Strikes out swinging
Top of the 2nd over - 0 runs, 0 hits, 0 errors, 1 left on base; Buffalo 0 - Round Rock 0
BOTTOM OF THE 2ND
Round Rock Express batting - Pitching for Buffalo Bisons : RHP Art Nobles
Batting: RHB Martin Guerrero 0-0: Ball
1-0: Fly out, F7 (Flyball, 7S, EV 94.4 MPH)
Batting: RHB Adryão Anto 0-0: Fly out, F6 (Line Drive, 6, EV 63.8 MPH)
Batting: RHB Luis Arce 0-0: Foul Ball, location: 2F
0-1: Foul Ball, location: 2F
0-2: Ground out U3 (Groundball, 34, EV 106.2 MPH)
Bottom of the 2nd over - 0 runs, 0 hits, 0 errors, 0 left on base; Buffalo 0 - Round Rock 0
TOP OF THE 3RD
Buffalo Bisons batting - Pitching for Round Rock Express : RHP Prince Gibson
Batting: RHB Kyle Davis 0-0: Ball
1-0: Ball
2-0: Called Strike
2-1: Foul Ball, location: 2F
2-2: Foul Ball, location: 2F
2-2: Ball
3-2: Foul Ball, location: 2F
3-2: Ground out 5-3 (Groundball, 56, EV 93.8 MPH)
Batting: RHB Jorge Baret 0-0: Ball
1-0: Foul Ball, location: 2F
1-1: Foul Ball, location: 2F
1-2: Strikes out swinging, 2-3 out at first.
Batting: RHB Michel Martineau 0-0: Ball
1-0: Ground out 6-3 (Groundball, 6, EV 85.0 MPH)
Top of the 3rd over - 0 runs, 0 hits, 0 errors, 0 left on base; Buffalo 0 - Round Rock 0
BOTTOM OF THE 3RD
Round Rock Express batting - Pitching for Buffalo Bisons : RHP Art Nobles
Batting: RHB Danny Heyer 0-0: Foul Ball, location: 2F
0-1: Ball
1-1: Ball
2-1: Ground out 6-3 (Groundball, 6M, EV 97.5 MPH)
Batting: LHB Jody Hudson 0-0: Called Strike
0-1: Foul Ball, location: 2F
0-2: Ground out 4-3 (Groundball, 13, EV 88.1 MPH)
Batting: RHB C.J. Sagle 0-0: Ball
1-0: SINGLE (Line Drive, 9S, EV 107.5 MPH)
Batting: LHB Josh Stuck 0-0: Ball
1-0: Called Strike
1-1: SINGLE (Flyball, 3D, EV 91.9 MPH)
C.J. Sagle to second
Runner from 2nd tries for 3rd, SAFE, throw by RF made to third
Batting: RHB Trevor Mock 0-0: Called Strike
0-1: Ball
1-1: Called Strike
1-2: Fly out, F7 (Flyball, 7, EV 90.6 MPH)
Bottom of the 3rd over - 0 runs, 2 hits, 0 errors, 2 left on base; Buffalo 0 - Round Rock 0
TOP OF THE 4TH
Buffalo Bisons batting - Pitching for Round Rock Express : RHP Prince Gibson
Batting: RHB Frank Caulfield 0-0: Ball
1-0: Called Strike
1-1: Foul Ball, location: 2F
1-2: Strikes out looking
Batting: SHB Dominik Hasek II 0-0: Ball
1-0: Called Strike
1-1: Foul Ball, location: 2F
1-2: Fly out, F6 (Popup, 6S, EV 82.5 MPH)
Batting: RHB Leo Mair 0-0: Ball
1-0: Swinging Strike
1-1: Fly out, F9 (Flyball, 9, EV 87.5 MPH)
Top of the 4th over - 0 runs, 0 hits, 0 errors, 0 left on base; Buffalo 0 - Round Rock 0
BOTTOM OF THE 4TH
Round Rock Express batting - Pitching for Buffalo Bisons : RHP Art Nobles
Batting: RHB Ivan Colon 0-0: Foul Ball, location: 2F
0-1: DOUBLE (Line Drive, 5D, EV 100.0 MPH)
Batting: RHB Martin Guerrero 0-0: Ball
1-0: Called Strike
1-1: DOUBLE (Line Drive, 9LM, EV 96.9 MPH)
Ivan Colon scores
Batting: RHB Adryão Anto 0-0: Foul Ball, location: 2F
0-1: Ball
1-1: Called Strike
1-2: Foul Ball, location: 2F
1-2: Foul Ball, location: 2F
1-2: Ground out 4-3 (Groundball, 4, EV 96.2 MPH)
Martin Guerrero to third
Batting: RHB Luis Arce 0-0: Called Strike
0-1: Ball
1-1: Ball
2-1: Foul Ball, location: 2F
2-2: Ball
3-2: Ground out 5-3 (Groundball, 56S, EV 91.2 MPH)
Martin Guerrero scores
Batting: RHB Danny Heyer 0-0: Ground out 4-3 (Groundball, 34, EV 86.2 MPH)
Bottom of the 4th over - 2 runs, 2 hits, 0 errors, 0 left on base; Buffalo 0 - Round Rock 2
TOP OF THE 5TH
Buffalo Bisons batting - Pitching for Round Rock Express : RHP Prince Gibson
Batting: RHB Väinö Tapaninen 0-0: Ground out 6-3 (Groundball, 6, EV 93.1 MPH)
Batting: RHB Butch Koglin 0-0: Ball
1-0: Ground out 5-3 (Groundball, 56, EV 81.9 MPH)
Batting: RHB Kyle Scruggs 0-0: Called Strike
0-1: Called Strike
0-2: Foul Ball, location: 2F
0-2: DOUBLE (Flyball, 8RXD, EV 105.0 MPH)
Batting: RHB Kyle Davis 0-0: Swinging Strike
0-1: Swinging Strike
0-2: Strikes out swinging
Top of the 5th over - 0 runs, 1 hit, 0 errors, 1 left on base; Buffalo 0 - Round Rock 2
BOTTOM OF THE 5TH
Round Rock Express batting - Pitching for Buffalo Bisons : RHP Art Nobles
Batting: LHB Jody Hudson 0-0: Called Strike
0-1: Ball
1-1: Swinging Strike
1-2: Strikes out swinging
Batting: RHB C.J. Sagle 0-0: Foul Ball, location: 2F
0-1: Ball
1-1: Ball
2-1: Swinging Strike
2-2: Ball
3-2: Strikes out looking
Batting: LHB Josh Stuck 0-0: Ball
1-0: Called Strike
1-1: Ground out 6-3 (Groundball, 6, EV 90.0 MPH)
Bottom of the 5th over - 0 runs, 0 hits, 0 errors, 0 left on base; Buffalo 0 - Round Rock 2
TOP OF THE 6TH
Buffalo Bisons batting - Pitching for Round Rock Express : RHP Prince Gibson
Batting: RHB Jorge Baret 0-0: Foul Ball, location: 2F
0-1: Ball
1-1: Ground out U3 (Groundball, 34, EV 83.1 MPH)
Batting: RHB Michel Martineau 0-0: Ball
1-0: Foul Ball, location: 2F
1-1: SINGLE (Groundball, 4MD, EV 107.5 MPH)
Batting: RHB Frank Caulfield 0-0: Ball
1-0: Called Strike
1-1: Swinging Strike
1-2: Foul Ball, location: 2F
1-2: Ball
2-2: Ball
3-2: SINGLE (Groundball, 6MD, EV 96.9 MPH)
Michel Martineau to second
Michel Martineau to third
Batting: SHB Dominik Hasek II 0-0: Called Strike
0-1: Ball
1-1: Fly out, F9 (Flyball, 9D, EV 105.0 MPH)
Runner from 3rd tags up, SCORES, throw by RF
Batting: RHB Leo Mair 0-0: Called Strike
Frank Caulfield is caught stealing 2nd base 2-4
Top of the 6th over - 1 run, 2 hits, 0 errors, 0 left on base; Buffalo 1 - Round Rock 2
BOTTOM OF THE 6TH
Round Rock Express batting - Pitching for Buffalo Bisons : RHP Art Nobles
Batting: RHB Trevor Mock 0-0: Called Strike
0-1: Called Strike
0-2: Strikes out swinging
Batting: RHB Ivan Colon 0-0: Swinging Strike
0-1: Ball
1-1: Ground out 6-3 (Groundball, 6, EV 83.8 MPH)
Batting: RHB Martin Guerrero 0-0: Ball
1-0: Foul Ball, location: 2F
1-1: Foul Ball, location: 2F
1-2: Ball
2-2: Fly out, F5 (Line Drive, 5, EV 68.1 MPH)
Bottom of the 6th over - 0 runs, 0 hits, 0 errors, 0 left on base; Buffalo 1 - Round Rock 2
TOP OF THE 7TH
Buffalo Bisons batting - Pitching for Round Rock Express : RHP Prince Gibson
Batting: RHB Leo Mair 0-0: Ball
1-0: Called Strike
1-1: Ball
2-1: Ground out U3 (Groundball, 23, EV 87.5 MPH)
Pitching: RHP Jason Williams
Pinch Hitting: LHB Rodrigo Briceno 0-0: Called Strike
0-1: Ball
1-1: Ball
2-1: Foul Ball, location: 2F
2-2: Ground out 6-3 (Groundball, 4M, EV 103.8 MPH)
Batting: RHB Butch Koglin 0-0: Called Strike
0-1: Foul Ball, location: 2F
0-2: Ball
1-2: Ball
2-2: Strikes out looking
Top of the 7th over - 0 runs, 0 hits, 0 errors, 0 left on base; Buffalo 1 - Round Rock 2
BOTTOM OF THE 7TH
Round Rock Express batting - Pitching for Buffalo Bisons : RHP Art Nobles
Now at SS: Leo Mair
Now in LF: John Loving
Now in RF: Jorge Baret
Batting: RHB Adryão Anto 0-0: Called Strike
0-1: Ground out U3 (Groundball, 34S, EV 73.8 MPH)
Batting: RHB Luis Arce 0-0: Ground out U3 (Groundball, 34, EV 85.0 MPH)
Batting: RHB Danny Heyer 0-0: Ground out 4-3 (Groundball, 4MD, EV 101.9 MPH)
Bottom of the 7th over - 0 runs, 0 hits, 0 errors, 0 left on base; Buffalo 1 - Round Rock 2
TOP OF THE 8TH
Buffalo Bisons batting - Pitching for Round Rock Express : RHP Jason Williams
Batting: RHB Kyle Scruggs 0-0: Called Strike
0-1: Foul Ball, location: 2F
0-2: Strikes out looking
Batting: RHB Kyle Davis 0-0: Called Strike
0-1: Swinging Strike
0-2: Foul Ball, location: 2F
0-2: Ball
1-2: Ball
2-2: Strikes out swinging
Pinch Hitting: LHB Gabe Pace 0-0: Swinging Strike
0-1: Foul Ball, location: 2F
0-2: Foul Ball, location: 2F
0-2: SOLO HOME RUN (Flyball, 89XD, EV 96.2 MPH), Distance : 397 ft
Batting: RHB Michel Martineau 0-0: Foul Ball, location: 2F
0-1: Foul Ball, location: 2F
0-2: SINGLE (Groundball, 56S, EV 70.0 MPH) (infield hit)
Batting: RHB Frank Caulfield 0-0: Called Strike
0-1: Called Strike
Michel Martineau steals 2nd base (no throw)
0-2: Foul Ball, location: 2F
0-2: Ground out U3 (Groundball, 3, EV 102.5 MPH)
Top of the 8th over - 1 run, 2 hits, 0 errors, 1 left on base; Buffalo 2 - Round Rock 2
BOTTOM OF THE 8TH
Round Rock Express batting - Pitching for Buffalo Bisons : RHP Art Nobles
Now in RF: Gabe Pace
Batting: LHB Jody Hudson 0-0: Ball
1-0: Ground out 4-3 (Groundball, 4, EV 92.5 MPH)
Batting: RHB C.J. Sagle 0-0: Called Strike
0-1: Ball
1-1: Swinging Strike
1-2: Fly out, F8 (Flyball, 8RM, EV 83.8 MPH)
Batting: LHB Josh Stuck 0-0: Ball
1-0: Foul Ball, location: 2F
1-1: Ball
2-1: Ball
3-1: Base on Balls
Pitching: RHP Joe Spencer
Batting: RHB Trevor Mock 0-0: Called Strike
0-1: Ball
1-1: Swinging Strike
1-2: Ball
2-2: Fielders Choice at 2nd, 5-4 (Groundball, 56, EV 81.9 MPH)
Bottom of the 8th over - 0 runs, 0 hits, 0 errors, 1 left on base; Buffalo 2 - Round Rock 2
TOP OF THE 9TH
Buffalo Bisons batting - Pitching for Round Rock Express : RHP Jason Williams
Pitching: RHP Steve Grier
Batting: SHB Dominik Hasek II 0-0: Ball
1-0: Ground out 4-3 (Groundball, 4, EV 85.6 MPH)
Batting: RHB Leo Mair 0-0: Swinging Strike
0-1: Foul Ball, location: 2F
0-2: Strikes out swinging
Batting: RHB John Loving 0-0: Fly out, F8 (Flyball, 8RXD, EV 91.2 MPH)
Top of the 9th over - 0 runs, 0 hits, 0 errors, 0 left on base; Buffalo 2 - Round Rock 2
BOTTOM OF THE 9TH
Round Rock Express batting - Pitching for Buffalo Bisons : RHP Joe Spencer
Batting: RHB Ivan Colon 0-0: Ball
1-0: Ball
2-0: Called Strike
2-1: Ball
3-1: Foul Ball, location: 2F
3-2: Fly out, F8 (Flyball, 8LS, EV 86.9 MPH)
Batting: RHB Martin Guerrero 0-0: Foul Ball, location: 2F
0-1: Ball
1-1: Foul Ball, location: 2F
1-2: Ball
2-2: Strikes out swinging
Batting: RHB Adryão Anto 0-0: Called Strike
0-1: Ball
1-1: Foul Ball, location: 2F
1-2: Ground out 1-3 (Groundball, 15S, EV 70.6 MPH)
Bottom of the 9th over - 0 runs, 0 hits, 0 errors, 0 left on base; Buffalo 2 - Round Rock 2
TOP OF THE 10TH
Buffalo Bisons batting - Pitching for Round Rock Express : RHP Steve Grier
Batting: RHB Butch Koglin 0-0: Ball
1-0: Ball
2-0: Foul Ball, location: 2F
2-1: Foul Ball, location: 2F
2-2: Foul Ball, location: 2F
2-2: Foul Ball, location: 2F
2-2: Ball
3-2: Ground out 5-3 (Groundball, 5S, EV 76.9 MPH)
Batting: RHB Kyle Scruggs 0-0: Ball
1-0: Swinging Strike
1-1: Ground out U3 (Groundball, 34, EV 82.5 MPH)
Batting: RHB Kyle Davis 0-0: Called Strike
0-1: Ball
1-1: Foul Ball, location: 2F
1-2: Ground out 6-3 (Groundball, 6S, EV 90.6 MPH)
Top of the 10th over - 0 runs, 0 hits, 0 errors, 0 left on base; Buffalo 2 - Round Rock 2
BOTTOM OF THE 10TH
Round Rock Express batting - Pitching for Buffalo Bisons : RHP Joe Spencer
Pitching: LHP Julio Gonzalez
Batting: RHB Luis Arce 0-0: Foul Ball, location: 2F
0-1: SOLO HOME RUN (Flyball, 78XD, EV 103.1 MPH), Distance : 402 ft
Bottom of the 10th over - 1 run, 1 hit, 0 errors, 0 left on base; Buffalo 2 - Round Rock 3
Tuesday, March 28th , 2023 - OOTP Baseball 23.10 Build 110